% Time on Ice - KELOWNA ROCKETS
Lines # - Real PCT - Wanted PCT - Time Play
Normal Forward
1 - 31% - 38% - 14:30
2 - 33% - 37% - 15:00
3 - 19% - 25% - 8:36
4 - 17% - 0% - 8:01
Normal Defense
1 - 32% - 34% - 14:55
2 - 29% - 32% - 13:28
3 - 32% - 21% - 14:42
4 - 7% - 13% - 3:02
PP Forward
1 - 31% - 65% - 0:37
2 - 69% - 35% - 1:22
PP Defense
1 - 54% - 65% - 1:04
2 - 46% - 35% - 0:55
PK Forward
1 - 79% - 55% - 6:14
2 - 21% - 45% - 1:42
PK Defense
1 - 55% - 55% - 4:21
2 - 45% - 45% - 3:35
PK3 Forward
1 - 0% - 55%
2 - 0% - 45%
PK3 Defense
1 - 0% - 55%
2 - 0% - 45%
44 Forward
1 - 80% - 55% - 3:11
2 - 20% - 45% - 0:47
44 Defense
1 - 65% - 55% - 2:34
2 - 35% - 45% - 1:24
Last Minute Offensive  - 0:00
Last Minute Defensive  - 0:00
Total
Forward - 60:00
Defense - 60:00
% Time on Ice - UTAH ICE BEARS
Lines # - Real PCT - Wanted PCT - Time Play
Normal Forward
1 - 33% - 36% - 15:03
2 - 23% - 31% - 10:25
3 - 32% - 23% - 14:44
4 - 13% - 10% - 5:55
Normal Defense
1 - 36% - 36% - 16:29
2 - 37% - 31% - 17:06
3 - 25% - 23% - 11:18
4 - 3% - 10% - 1:14
PP Forward
1 - 34% - 55% - 2:42
2 - 66% - 45% - 5:14
PP Defense
1 - 47% - 55% - 3:46
2 - 53% - 45% - 4:10
PK Forward
1 - 57% - 55% - 1:08
2 - 43% - 45% - 0:51
PK Defense
1 - 57% - 55% - 1:08
2 - 43% - 45% - 0:51
PK3 Forward
1 - 0% - 55%
2 - 0% - 45%
PK3 Defense
1 - 0% - 55%
2 - 0% - 45%
44 Forward
1 - 58% - 55% - 2:19
2 - 42% - 45% - 1:39
44 Defense
1 - 51% - 55% - 2:01
2 - 49% - 45% - 1:57
Last Minute Offensive  - 0:00
Last Minute Defensive  - 0:00
Total
Forward - 60:00
Defense - 60:00
Play-by-Play 1st period 0:01 of 1st period - Artem Anisimov wins face-off versus Jordan Eberle in neutral zone. 0:08 of 1st period - Shot by Kyle Okposo. 0:08 of 1st period - Shot Misses the Net. 0:38 of 1st period - Auston Matthews is hit by Alexander Edler. 0:53 of 1st period - Off-side. 0:54 of 1st period - Blake Lizotte wins face-off versus Anthony Cirelli in neutral zone. 1:01 of 1st period - Shot by Valentin Zykov. 1:01 of 1st period - Shot Blocked by Kristopher Letang. 1:16 of 1st period - Icing by Kristopher Letang. 1:17 of 1st period - Alex Galchenyuk wins face-off versus Anthony Cirelli in KELOWNA ROCKETS zone. 1:26 of 1st period - Shot by Alex Galchenyuk. 1:26 of 1st period - Shot Misses the Net. 1:28 of 1st period - Shot by Andrew Mangiapane. 1:28 of 1st period - Shot Misses the Net. 2:11 of 1st period - Icing by Andrew Mangiapane. 2:12 of 1st period - Alex Galchenyuk wins face-off versus Evgeny Kuznetsov in UTAH ICE BEARS zone. 2:39 of 1st period - Blake Lizotte is hit by Vladimir Tarasenko and loses puck. 2:49 of 1st period - Icing by Vladimir Tarasenko. 2:50 of 1st period - Artem Anisimov wins face-off versus Evgeny Kuznetsov in KELOWNA ROCKETS zone. 4:47 of 1st period - Shot by Robert Lantosi. 4:47 of 1st period - Shot Misses the Net. 5:00 of 1st period - Auston Matthews is hit by Radim Simek and loses puck. 5:01 of 1st period - Auston Matthews from KELOWNA ROCKETS is injured at 5:01 of 1st period (Torn Right MCL). 5:02 of 1st period - Anthony Cirelli wins face-off versus Artem Anisimov in UTAH ICE BEARS zone. 5:02 of 1st period - Tyler Bertuzzi is hit by Troy Stecher. 5:36 of 1st period - Shot by Pavel Buchnevich. 5:36 of 1st period - Stopped by Thatcher Demko with a rebound. 5:38 of 1st period - Shot by Anthony Cirelli. 5:38 of 1st period - Deflect By Tyler Bertuzzi. 5:38 of 1st period - Shot Misses the Net. 5:41 of 1st period - Anthony Cirelli is hit by Kale Clague and loses puck. 5:50 of 1st period - Minor Penalty to Kale Clague for Holding. 5:51 of 1st period - Anthony Cirelli wins face-off versus Zachary Sanford in UTAH ICE BEARS zone. 5:54 of 1st period - Shot by Pavel Buchnevich. 5:54 of 1st period - Shot Blocked by Alexander Edler. 7:31 of 1st period - Shot by Kristopher Letang. 7:31 of 1st period - Stopped by Thatcher Demko without a rebound. 7:32 of 1st period - Zachary Sanford wins face-off versus Vladimir Tarasenko in UTAH ICE BEARS zone. 7:54 of 1st period - Shot by Joakim Nordstrom. 7:54 of 1st period - Shot Misses the Net. 7:56 of 1st period - Shot by Niklas Hjalmarsson. 7:56 of 1st period - Stopped by Thatcher Demko without a rebound. 7:57 of 1st period - Evgeny Kuznetsov wins face-off versus Ross Colton in UTAH ICE BEARS zone. 8:06 of 1st period - Shot by Alexander Ovechkin. 8:06 of 1st period - Stopped by Thatcher Demko with a rebound. 8:12 of 1st period - Shot by Andrew Mangiapane. 8:12 of 1st period - Stopped by Tuukka Rask without a rebound. 8:13 of 1st period - Vladislav Kamenev wins face-off versus Blake Lizotte in KELOWNA ROCKETS zone. 9:36 of 1st period - Zachary Sanford is hit by Kristopher Letang and loses puck. 9:48 of 1st period - Icing by Mark Giordano. 9:49 of 1st period - Evgeny Kuznetsov wins face-off versus Artem Anisimov in KELOWNA ROCKETS zone. 9:49 of 1st period - Evgeny Kuznetsov is hit by Nicholas Paul. 11:09 of 1st period - Shot by Andrew Mangiapane. 11:09 of 1st period - Shot Blocked by Niklas Hjalmarsson. 11:11 of 1st period - Shot by Andrew Mangiapane. 11:11 of 1st period - Shot Misses the Net. 12:03 of 1st period - Radim Simek is hit by Joakim Nordstrom and loses puck. 13:15 of 1st period - Off-side. 13:16 of 1st period - Evgeny Kuznetsov wins face-off versus Artem Anisimov in neutral zone. 13:43 of 1st period - Shot by Alexander Ovechkin. 13:43 of 1st period - Stopped by Thatcher Demko without a rebound. 13:44 of 1st period - Blake Lizotte wins face-off versus Ilya Kovalchuk in UTAH ICE BEARS zone. 13:44 of 1st period - Radim Simek is hit by Ilya Kovalchuk and loses puck. 13:59 of 1st period - Shot by Evgeny Kuznetsov. 13:59 of 1st period - Shot Misses the Net. 14:09 of 1st period - Shot by Radim Simek. 14:09 of 1st period - Shot Misses the Net. 14:44 of 1st period - Icing by Dmitri Orlov. 14:45 of 1st period - Anthony Cirelli wins face-off versus Alex Galchenyuk in KELOWNA ROCKETS zone. 14:55 of 1st period - Shot by Zachary Sanford. 14:55 of 1st period - Stopped by Tuukka Rask with a rebound. 15:12 of 1st period - Icing by Zachary Sanford. 15:13 of 1st period - Vladislav Kamenev wins face-off versus Alex Galchenyuk in UTAH ICE BEARS zone. 16:33 of 1st period - Shot by Anthony Cirelli. 16:33 of 1st period - Shot Misses the Net. 16:35 of 1st period - Shot by Anthony Cirelli. 16:35 of 1st period - Goal by Anthony Cirelli - KELOWNA ROCKETS : 1 - UTAH ICE BEARS : 0. 16:36 of 1st period - Blake Lizotte wins face-off versus Alexander Ovechkin in neutral zone. 16:38 of 1st period - Robert Lantosi is hit by Evgeny Kuznetsov and loses puck. 16:40 of 1st period - Minor Penalty to Evgeny Kuznetsov for High sticking. 16:41 of 1st period - Tyler Bertuzzi wins face-off versus Alex Galchenyuk in KELOWNA ROCKETS zone. 16:41 of 1st period - Tyler Bertuzzi is hit by Ross Colton. 16:51 of 1st period - Shot by Alexander Edler. 16:51 of 1st period - Stopped by Tuukka Rask without a rebound. 16:52 of 1st period - Alex Galchenyuk wins face-off versus Tyler Bertuzzi in KELOWNA ROCKETS zone. 17:09 of 1st period - Icing by Alexander Edler. 17:10 of 1st period - Alex Galchenyuk wins face-off versus Tyler Bertuzzi in UTAH ICE BEARS zone. 17:31 of 1st period - Shot by Zachary Sanford. 17:31 of 1st period - Shot Misses the Net. 18:37 of 1st period - Icing by Kyle Okposo. 18:38 of 1st period - Blake Lizotte wins face-off versus Anthony Cirelli in UTAH ICE BEARS zone. 18:51 of 1st period - Shot by Vladimir Tarasenko. 18:51 of 1st period - Shot Misses the Net. 18:53 of 1st period - Shot by Niklas Hjalmarsson. 18:53 of 1st period - Stopped by Thatcher Demko without a rebound. 18:54 of 1st period - Kyle Okposo wins face-off versus Pavel Buchnevich in UTAH ICE BEARS zone. 18:54 of 1st period - Kyle Okposo is hit by Pavel Buchnevich. 19:04 of 1st period - Shot by Artem Anisimov. 19:04 of 1st period - Stopped by Tuukka Rask without a rebound. 19:05 of 1st period - Blake Lizotte wins face-off versus Evgeny Kuznetsov in KELOWNA ROCKETS zone. 19:37 of 1st period - Valentin Zykov is hit by Mark Giordano and loses puck. 19:49 of 1st period - Icing by Mark Giordano. 19:50 of 1st period - Artem Anisimov wins face-off versus Evgeny Kuznetsov in KELOWNA ROCKETS zone. 19:50 of 1st period - Alexander Edler is hit by Dmitri Orlov and loses puck. Goals for this period are 1 for KELOWNA ROCKETS vs 0 for UTAH ICE BEARS. Shots for this period are 7 for KELOWNA ROCKETS vs 4 for UTAH ICE BEARS. 2nd period 0:01 of 2nd period - Andrew Mangiapane wins face-off versus Anthony Cirelli in neutral zone. 0:34 of 2nd period - Shot by Pavel Buchnevich. 0:34 of 2nd period - Shot Misses the Net. 0:39 of 2nd period - Zachary Sanford is hit by Adam Fox and loses puck. 1:34 of 2nd period - Shot by Jordan Eberle. 1:34 of 2nd period - Stopped by Thatcher Demko with a rebound. 1:36 of 2nd period - Shot by Jordan Eberle. 1:36 of 2nd period - Shot Blocked by Radim Simek. 1:59 of 2nd period - Icing by Jacob Larsson. 2:00 of 2nd period - Blake Lizotte wins face-off versus Vladislav Kamenev in KELOWNA ROCKETS zone. 2:31 of 2nd period - Shot by Joakim Nordstrom. 2:31 of 2nd period - Shot Misses the Net. 2:33 of 2nd period - Shot by Vladislav Kamenev. 2:33 of 2nd period - Shot Misses the Net. 2:49 of 2nd period - Icing by Blake Lizotte. 2:50 of 2nd period - Evgeny Kuznetsov wins face-off versus Blake Lizotte in UTAH ICE BEARS zone. 2:59 of 2nd period - Shot by Jordan Eberle. 2:59 of 2nd period - Shot Misses the Net. 3:03 of 2nd period - Shot by Alexander Ovechkin. 3:03 of 2nd period - Shot Misses the Net. 3:05 of 2nd period - Shot by Alexander Ovechkin. 3:05 of 2nd period - Shot Misses the Net. 3:07 of 2nd period - Shot by Mark Giordano. 3:07 of 2nd period - Shot Misses the Net. 3:09 of 2nd period - Shot by Jordan Eberle. 3:09 of 2nd period - Stopped by Thatcher Demko with a rebound. 3:11 of 2nd period - Shot by Mark Giordano. 3:11 of 2nd period - Shot Misses the Net. 3:15 of 2nd period - Shot by Alexander Ovechkin. 3:15 of 2nd period - Deflect By Jordan Eberle. 3:15 of 2nd period - Shot Blocked by Alexander Edler. 3:35 of 2nd period - Alexander Edler is hit by Alexander Ovechkin and loses puck. 4:00 of 2nd period - Shot by Anthony Cirelli. 4:00 of 2nd period - Stopped by Thatcher Demko without a rebound. 4:01 of 2nd period - Alex Galchenyuk wins face-off versus Anthony Cirelli in UTAH ICE BEARS zone. 4:08 of 2nd period - Shot by Pavel Buchnevich. 4:08 of 2nd perio